PUBA
ABERDEEN COBAINS @ NORTH RIDGEVILLE RIVER BANDITS
06/05/1972
 
TOP OF THE 1ST
Susquehanna Trails Scarlets batting - Pitching for El Paso Texans : RHP Bernardo Ventura
Pitching: RHP Bernardo Ventura
Batting: LHB John Jones 0-0: Ball
1-0: Ball
2-0: DOUBLE (Line Drive, 78D, EV 112.5 MPH)
Batting: LHB Martin Dalton 0-0: Ball
1-0: Ball
2-0: Foul Ball, location: 2F
2-1: Foul Ball, location: 2F
2-2: Ball
3-2: Foul Ball, location: 2F
3-2: Base on Balls
Batting: LHB Ronald Morris 0-0: Ball
1-0: Called Strike
1-1: Fly out, F8 (Flyball, 89D, EV 89.4 MPH)
Runner from 2nd tags up, SAFE at 3rd, no throw by CF
Batting: RHB Nick Grimes 0-0: Ball
1-0: Ball
2-0: Ball
3-0: Fly out, F9 (Flyball, 9LS, EV 89.4 MPH)
Batting: SHB Mike Smith 0-0: Ball
1-0: Swinging Strike
1-1: Ball
2-1: Ball
3-1: 3-RUN HOME RUN (Flyball, 9D, EV 96.2 MPH), Distance : 348 ft
Batting: RHB Dan Parker 0-0: Called Strike
0-1: Foul Ball, location: 2F
0-2: Strikes out swinging
Top of the 1st over - 3 runs, 2 hits, 0 errors, 0 left on base; Susquehanna Trails 3 - El Paso 0
BOTTOM OF THE 1ST
El Paso Texans batting - Pitching for Susquehanna Trails Scarlets : LHP Kieran Morris
Pitching: LHP Kieran Morris
Batting: RHB Darby Moore 0-0: Ball
1-0: Called Strike
1-1: Ball
2-1: SINGLE (Flyball, 78S, EV 91.9 MPH)
Batting: RHB Tadasuke Kobayashi 0-0: Ball
1-0: Swinging Strike
1-1: Ball
2-1: Ball
3-1: Fly out, F8 (Line Drive, 8RM, EV 85.0 MPH)
Batting: RHB Ben Tobey 0-0: Ball
1-0: Called Strike
1-1: Called Strike
1-2: Foul Ball, location: 2F
1-2: Ball
2-2: Fly out, F9 (Line Drive, 9, EV 90.0 MPH)
Batting: RHB Larry Baker 0-0: Called Strike
0-1: Called Strike
0-2: Ball
1-2: Strikes out swinging
Bottom of the 1st over - 0 runs, 1 hit, 0 errors, 1 left on base; Susquehanna Trails 3 - El Paso 0
TOP OF THE 2ND
Susquehanna Trails Scarlets batting - Pitching for El Paso Texans : RHP Bernardo Ventura
Batting: RHB Austin Davis 0-0: Foul Ball, location: 2F
0-1: Foul Ball, location: 2F
0-2: Ball
1-2: DOUBLE (Line Drive, 89D, EV 101.2 MPH)
Batting: LHB Michael Wilson 0-0: Ball
1-0: Fly out, F9 (Flyball, 89M, EV 88.8 MPH)
Batting: RHB Pedro Ayala 0-0: Called Strike
0-1: Foul Ball, location: 2F
0-2: Ball
1-2: Foul Ball, location: 2F
1-2: Ball
2-2: SINGLE (Groundball, 6MD, EV 110.0 MPH)
Austin Davis to third
Runner from 3rd tries for Home, SAFE, throw by CF to home
Batting: LHB John Jones 0-0: Called Strike
0-1: Called Strike
0-2: Ball
1-2: Strikes out looking
Batting: LHB Martin Dalton 0-0: Called Strike
0-1: Ball
1-1: Swinging Strike
1-2: Ball
2-2: Ball
3-2: Strikes out swinging
Top of the 2nd over - 1 run, 2 hits, 0 errors, 1 left on base; Susquehanna Trails 4 - El Paso 0
BOTTOM OF THE 2ND
El Paso Texans batting - Pitching for Susquehanna Trails Scarlets : LHP Kieran Morris
Batting: LHB Wendell Noble 0-0: Ground out 6-3 (Groundball, 6, EV 87.5 MPH)
Batting: RHB Keith Campbell 0-0: Called Strike
0-1: Foul Ball, location: 2F
0-2: Foul Ball, location: 2F
0-2: Strikes out looking
Batting: LHB Chae-ung Pak 0-0: Called Strike
0-1: Swinging Strike
0-2: Strikes out swinging
Bottom of the 2nd over - 0 runs, 0 hits, 0 errors, 0 left on base; Susquehanna Trails 4 - El Paso 0
TOP OF THE 3RD
Susquehanna Trails Scarlets batting - Pitching for El Paso Texans : RHP Bernardo Ventura
Batting: LHB Ronald Morris 0-0: Ball
1-0: Called Strike
1-1: Swinging Strike
1-2: Ball
2-2: Ground out 4-3 (Groundball, 4MD, EV 87.5 MPH)
Batting: RHB Nick Grimes 0-0: Ball
1-0: Fly out, F9 (Flyball, 9, EV 89.4 MPH)
Batting: SHB Mike Smith 0-0: Ball
1-0: Swinging Strike
1-1: Foul Ball, location: 2F
1-2: Strikes out swinging
Top of the 3rd over - 0 runs, 0 hits, 0 errors, 0 left on base; Susquehanna Trails 4 - El Paso 0
BOTTOM OF THE 3RD
El Paso Texans batting - Pitching for Susquehanna Trails Scarlets : LHP Kieran Morris
Batting: SHB Soo-yeon Kim 0-0: Called Strike
0-1: Ball
1-1: Foul Ball, location: 2F
1-2: Foul Ball, location: 2F
1-2: Fly out, F9 (Line Drive, 9, EV 88.1 MPH)
Batting: RHB Jack Goodman 0-0: Ball
1-0: Called Strike
1-1: Ball
2-1: Foul Ball, location: 2F
2-2: Ball
3-2: Base on Balls
Batting: RHB Darby Moore 0-0: Ball
1-0: Ball
2-0: Foul Ball, location: 2F
2-1: SINGLE (Line Drive, 6D, EV 108.8 MPH)
Jack Goodman to second
Batting: RHB Tadasuke Kobayashi 0-0: Ball
1-0: Swinging Strike
1-1: Called Strike
1-2: Ball
2-2: Ball
3-2: Foul Ball, location: 2F
3-2: Strikes out swinging
Batting: RHB Ben Tobey 0-0: Ball
1-0: Called Strike
1-1: Ball
2-1: Swinging Strike
2-2: Foul Ball, location: 2F
2-2: Ball
3-2: Foul Ball, location: 2F
3-2: Foul Ball, location: 2F
3-2: Base on Balls
Jack Goodman to third
Darby Moore to second
Batting: RHB Larry Baker 0-0: Ball
1-0: Ball
2-0: Called Strike
2-1: Foul Ball, location: 2F
2-2: Foul Ball, location: 2F
2-2: Ball
3-2: Reached on error, E1 (Groundball, 15S, EV 70.0 MPH)
Jack Goodman scores
Darby Moore scores
Ben Tobey to third
Batting: LHB Wendell Noble 0-0: Ball
1-0: Foul Ball, location: 2F
1-1: Foul Ball, location: 2F
1-2: Fly out, F8 (Flyball, 8RS, EV 91.2 MPH)
Bottom of the 3rd over - 2 runs, 1 hit, 1 error, 2 left on base; Susquehanna Trails 4 - El Paso 2
TOP OF THE 4TH
Susquehanna Trails Scarlets batting - Pitching for El Paso Texans : RHP Bernardo Ventura
Batting: RHB Dan Parker 0-0: Swinging Strike
0-1: Ball
1-1: Ball
2-1: Ball
3-1: Called Strike
3-2: Base on Balls
Batting: RHB Austin Davis 0-0: Ball
1-0: Swinging Strike
1-1: Foul Ball, location: 2F
1-2: Ball
2-2: Strikes out swinging
Batting: LHB Michael Wilson 0-0: Ball
1-0: Ball
2-0: Ball
3-0: Called Strike
3-1: Foul Ball, location: 2F
3-2: Base on Balls
Dan Parker to second
Batting: RHB Pedro Ayala 0-0: Ball
1-0: Ball
2-0: Fly out, F9 (Flyball, 89M, EV 79.4 MPH)
Batting: LHB John Jones 0-0: Ball
1-0: Called Strike
1-1: Ball
2-1: Fly out, F8 (Line Drive, 8RM, EV 90.6 MPH)
Top of the 4th over - 0 runs, 0 hits, 0 errors, 2 left on base; Susquehanna Trails 4 - El Paso 2
BOTTOM OF THE 4TH
El Paso Texans batting - Pitching for Susquehanna Trails Scarlets : LHP Kieran Morris
Batting: RHB Keith Campbell 0-0: Ball
1-0: Called Strike
1-1: Ball
2-1: Foul Ball, location: 2F
2-2: Fly out, F8 (Line Drive, 8RM, EV 89.4 MPH)
Batting: LHB Chae-ung Pak 0-0: Foul Ball, location: 2F
0-1: Ball
1-1: Swinging Strike
1-2: Ball
2-2: Strikes out swinging
Batting: SHB Soo-yeon Kim 0-0: Called Strike
0-1: Swinging Strike
0-2: Ball
1-2: Ball
2-2: Foul Ball, location: 2F
2-2: Ball
3-2: Foul Ball, location: 2F
3-2: Base on Balls
Batting: RHB Jack Goodman 0-0: Ball
1-0: Ball
2-0: Called Strike
2-1: Ball
3-1: Foul Ball, location: 2F
3-2: SINGLE (Groundball, 4MD, EV 99.4 MPH)
Soo-yeon Kim to second
Soo-yeon Kim to third
Batting: RHB Darby Moore 0-0: Ball
1-0: Foul Ball, location: 2F
1-1: Foul Ball, location: 2F
1-2: Foul Ball, location: 2F
1-2: Fielders Choice at 2nd, 6-4 (Groundball, 6, EV 85.6 MPH)
Bottom of the 4th over - 0 runs, 1 hit, 0 errors, 2 left on base; Susquehanna Trails 4 - El Paso 2
TOP OF THE 5TH
Susquehanna Trails Scarlets batting - Pitching for El Paso Texans : RHP Bernardo Ventura
Batting: LHB Martin Dalton 0-0: Called Strike
0-1: SINGLE (Groundball, 4MD, EV 106.2 MPH)
Batting: LHB Ronald Morris 0-0: Called Strike
0-1: Ball
1-1: Foul Ball, location: 2F
1-2: Foul Ball, location: 2F
1-2: Ball
2-2: Strikes out swinging
Batting: RHB Nick Grimes 0-0: Called Strike
0-1: Ball
1-1: Called Strike
1-2: Ball
2-2: Ball
3-2: Foul Ball, location: 2F
3-2: Base on Balls
Martin Dalton to second
Batting: SHB Mike Smith 0-0: Swinging Strike
0-1: Ball
1-1: Ball
2-1: Swinging Strike
2-2: Ball
3-2: Foul Ball, location: 2F
3-2: Fly out, F9 (Flyball, 9LS, EV 73.8 MPH)
Pitching: LHP Kichisaburo Ueno
Batting: RHB Dan Parker 0-0: Foul Ball, location: 2F
0-1: Ball
1-1: Fielders Choice at 2nd, 5-4 (Groundball, 5, EV 80.6 MPH)
Top of the 5th over - 0 runs, 1 hit, 0 errors, 2 left on base; Susquehanna Trails 4 - El Paso 2
BOTTOM OF THE 5TH
El Paso Texans batting - Pitching for Susquehanna Trails Scarlets : LHP Kieran Morris
Batting: RHB Tadasuke Kobayashi 0-0: Foul Ball, location: 2F
0-1: Ball
1-1: Swinging Strike
1-2: Fly out, F8 (Flyball, 89M, EV 85.0 MPH)
Batting: RHB Ben Tobey 0-0: Ball
1-0: Fly out, F9 (Flyball, 9S, EV 91.9 MPH)
Batting: RHB Larry Baker 0-0: Called Strike
0-1: Foul Ball, location: 2F
0-2: Ball
1-2: Strikes out swinging
Bottom of the 5th over - 0 runs, 0 hits, 0 errors, 0 left on base; Susquehanna Trails 4 - El Paso 2
TOP OF THE 6TH
Susquehanna Trails Scarlets batting - Pitching for El Paso Texans : LHP Kichisaburo Ueno
Batting: RHB Austin Davis 0-0: Ball
1-0: Called Strike
1-1: Called Strike
1-2: Ball
2-2: SINGLE (Groundball, 34D, EV 104.4 MPH)
Batting: LHB Michael Wilson 0-0: Ball
1-0: Bunted foul
1-1: Sac Bunt to 2L - play at first, batter OUT! 2-4
Austin Davis to second
Batting: RHB Pedro Ayala 0-0: Intentional Walk
Pinch Hitting: RHB Gavin Peters 0-0: Ball
1-0: Called Strike
1-1: Ball
2-1: Swinging Strike
2-2: Strikes out swinging
Batting: LHB Martin Dalton 0-0: Ball
1-0: Swinging Strike
1-1: Swinging Strike
1-2: Foul Ball, location: 2F
1-2: Strikes out swinging
Top of the 6th over - 0 runs, 1 hit, 0 errors, 2 left on base; Susquehanna Trails 4 - El Paso 2
BOTTOM OF THE 6TH
El Paso Texans batting - Pitching for Susquehanna Trails Scarlets : LHP Kieran Morris
Now in CF: Preston Campbell
Batting: LHB Wendell Noble 0-0: Ball
1-0: Ball
2-0: Foul Ball, location: 2F
2-1: Foul Ball, location: 2F
2-2: Reached on error, E5 (Groundball, 56, EV 89.4 MPH)
Batting: RHB Keith Campbell 0-0: Swinging Strike
0-1: Ball
1-1: Ball
2-1: Called Strike
2-2: Strikes out swinging
DELAY Rain delay of 51 minutes in the 6th inning.
Pitching: RHP Stephen Walden
Pinch Hitting: RHB Chris Roy 0-0: Foul Ball, location: 2F
0-1: SINGLE (Flyball, 89S, EV 98.1 MPH)
Wendell Noble to second
Batting: SHB Soo-yeon Kim 0-0: Fly out, F7 (Flyball, 7, EV 85.6 MPH)
Batting: RHB Jack Goodman 0-0: Ground out 4-3 (Groundball, 4, EV 100.0 MPH)
Bottom of the 6th over - 0 runs, 1 hit, 1 error, 2 left on base; Susquehanna Trails 4 - El Paso 2
TOP OF THE 7TH
Susquehanna Trails Scarlets batting - Pitching for El Paso Texans : LHP Kichisaburo Ueno
Now in CF: Joe Pepitone
Batting: LHB Ronald Morris 0-0: Called Strike
0-1: Foul Ball, location: 2F
0-2: Ball
1-2: Strikes out swinging
Batting: RHB Nick Grimes 0-0: Swinging Strike
0-1: Foul Ball, location: 2F
0-2: Fly out, F7 (Flyball, 7S, EV 83.1 MPH)
Batting: SHB Mike Smith 0-0: Called Strike
0-1: Called Strike
0-2: Ball
1-2: Ball
2-2: Foul Ball, location: 2F
2-2: Ball
3-2: Foul Ball, location: 2F
3-2: Ground out 6-3 (Groundball, 6, EV 83.1 MPH)
Top of the 7th over - 0 runs, 0 hits, 0 errors, 0 left on base; Susquehanna Trails 4 - El Paso 2
BOTTOM OF THE 7TH
El Paso Texans batting - Pitching for Susquehanna Trails Scarlets : RHP Stephen Walden
Batting: RHB Darby Moore 0-0: Ball
1-0: Called Strike
1-1: Ball
2-1: Ball
3-1: Base on Balls
Batting: RHB Tadasuke Kobayashi 0-0: Foul Ball, location: 2F
0-1: Ball
1-1: Ball
2-1: Ball
3-1: Foul Ball, location: 2F
3-2: Foul Ball, location: 2F
3-2: DOUBLE (Flyball, 8LXD, EV 101.2 MPH)
Darby Moore to third
Runner from 3rd tries for Home, SAFE, throw by CF to home
Batting: RHB Ben Tobey 0-0: Ball
1-0: Foul Ball, location: 2F
1-1: Ball
2-1: Ball
3-1: Foul Ball, location: 2F
3-2: Strikes out swinging
Batting: RHB Larry Baker 0-0: Ball
1-0: Called Strike
1-1: Swinging Strike
1-2: Ground out 6-3 (Groundball, 6, EV 78.8 MPH)
Batting: LHB Wendell Noble 0-0: Called Strike
0-1: Ball
1-1: SINGLE (Groundball, 56D, EV 100.6 MPH)
Tadasuke Kobayashi to third
Runner from 3rd tries for Home, SAFE, throw by LF to home
Batting: RHB Keith Campbell 0-0: Fly out, F7 (Line Drive, 7S, EV 111.9 MPH)
Bottom of the 7th over - 2 runs, 2 hits, 0 errors, 1 left on base; Susquehanna Trails 4 - El Paso 4
TOP OF THE 8TH
Susquehanna Trails Scarlets batting - Pitching for El Paso Texans : LHP Kichisaburo Ueno
Pitching: RHP Chris Moore
Batting: RHB Dan Parker 0-0: Ball
1-0: Ball
2-0: Called Strike
2-1: Ball
3-1: Called Strike
3-2: Fly out, F7 (Flyball, 7, EV 90.6 MPH)
Batting: LHB Ron Blomberg 0-0: Called Strike
0-1: Fly out, F7 (Flyball, 78S, EV 85.6 MPH)
Batting: LHB Michael Wilson 0-0: Foul Ball, location: 2F
0-1: Foul Ball, location: 2F
0-2: Ball
1-2: Ball
2-2: Strikes out swinging
Top of the 8th over - 0 runs, 0 hits, 0 errors, 0 left on base; Susquehanna Trails 4 - El Paso 4
BOTTOM OF THE 8TH
El Paso Texans batting - Pitching for Susquehanna Trails Scarlets : RHP Stephen Walden
Batting: LHB Joe Pepitone 0-0: Swinging Strike
0-1: Foul Ball, location: 2F
0-2: Ball
1-2: Reached on error, E4 (Groundball, 34, EV 83.1 MPH)
Pitching: RHP Joe Decker
Batting: SHB Soo-yeon Kim 0-0: Bunted foul
0-1: Bunted foul
0-2: Ball
1-2: Foul Ball, location: 2F
1-2: Ball
2-2: Fly out, F8 (Flyball, 8LD, EV 80.0 MPH)
Batting: RHB Jack Goodman 0-0: Ball
1-0: Bunted foul
1-1: Bunt missed!
1-2: Foul Ball, location: 2F
1-2: SINGLE (Flyball, 78M, EV 88.8 MPH)
Joe Pepitone to second
Batting: RHB Darby Moore 0-0: Grounds into double play, 6-4-3 (Groundball, 6, EV 93.8 MPH)
Bottom of the 8th over - 0 runs, 1 hit, 1 error, 1 left on base; Susquehanna Trails 4 - El Paso 4
TOP OF THE 9TH
Susquehanna Trails Scarlets batting - Pitching for El Paso Texans : RHP Chris Moore
Batting: RHB Pedro Ayala 0-0: Foul Ball, location: 2F
0-1: Ball
1-1: Called Strike
1-2: Strikes out swinging
Batting: LHB Preston Campbell 0-0: Foul Ball, location: 2F
0-1: Called Strike
0-2: Ball
1-2: Strikes out swinging
Batting: LHB Martin Dalton 0-0: Called Strike
0-1: Ball
1-1: Ground out 4-3 (Groundball, 4, EV 107.5 MPH)
Top of the 9th over - 0 runs, 0 hits, 0 errors, 0 left on base; Susquehanna Trails 4 - El Paso 4
BOTTOM OF THE 9TH
El Paso Texans batting - Pitching for Susquehanna Trails Scarlets : RHP Joe Decker
Batting: RHB Tadasuke Kobayashi 0-0: Foul Ball, location: 2F
0-1: SINGLE (Groundball, P, EV 81.9 MPH) (infield hit)
Batting: LHB Craig Garrett 0-0: Ball
1-0: Ball
2-0: Ball
Wild Pitch!
Tadasuke Kobayashi to second
3-0: Intentional Walk
Pinch Hitting: LHB Erik Baxter 0-0: Ball
1-0: Ball
2-0: Called Strike
2-1: Ball
3-1: Fly out, F7 (Flyball, 7LS, EV 94.4 MPH)
Batting: LHB Wendell Noble 0-0: Ball
1-0: Called Strike
1-1: SINGLE (Flyball, 9LS, EV 94.4 MPH)
Tadasuke Kobayashi to third
Craig Garrett to second
Runner from 3rd tries for Home, SAFE, throw by RF to home
Bottom of the 9th over - 1 run, 2 hits, 0 errors, 0 left on base; Susquehanna Trails 4 - El Paso 5
Game Over ... El Paso defeats Susquehanna Trails, 5 to 4
Monday, March 25th , 2024 - OOTP Baseball 24.8 Build 75